cohdb
Replays
Latest Replays
All Replays
Popular Replays
Top Player Replays
Match Explorer
How It Works
Community
CoH3 Stats
Reddit
Sign in to upload your games and track your stats! →
Sign in with Steam
Match 40000448
Unlisted
Match 40000448
Overview
Messages
Build Orders
End
Construct Barracks
Engineer Squad
Selects Armored Battlegroup
Selects Veteran Crews
1⁄4-ton 4x4 Truck
Riflemen Squad
M1 Mortar Team
Engineer Squad
Mechanized Support Center
Riflemen Squad
Engineer Squad
Construct Tank Depot
M4A1 Sherman Medium Tank
Selects Strength in Steel
Selects Fast Deploy
Riflemen Squad
Engineer Squad
Selects Seek and Destroy
Selects UNKNOWN (2160077)
Elphiroce
pippip
CPU - VERY EASY
cispadan
Fonty13
honeydew
0
0
Comments
sign in to comment!
No comments posted yet!